 Dungeon Crawl Stone Soup version 0.32-a0-995-gb4a59205af (webtiles) character file.

Game seed: 2288891274186085975

15001 Valrug the Grappler (level 11, -1/107 HPs)
             Began as a Troll Fighter on Apr 23, 2024.
             Was a Priest of Wu Jian.
             Slain by a minotaur
             ... wielding a staff of cold
              (13 damage)
             ... on level 11 of the Dungeon.
             The game lasted 00:22:59 (12000 turns).

Valrug the Grappler (Troll Fighter)                Turns: 12000, Time: 00:22:59

Health: -1/107     AC: 10    Str: 26    XL:     11   Next: 96%
Magic:  10/10      EV: 11    Int:  4    God:    Wu Jian [***...]
Gold:   539        SH: 11    Dex: 18    Spells: 10/10 levels left

rFire   . .          .
                       - Unarmed
rCold   . . .        b - +0 kite shield
rNeg    . . .        J - melded +0 steam dragon scales
rPois   .            (helmet restricted)
rElec   .            G - scarf {+Inv}
rCorr   .            (gloves unavailable)
SInv    .            (boots unavailable)
Will    +....        (no amulet)
Stlth   ++           x - +4 ring of protection
HPRegen 1.17/turn    A - +4 ring of protection
MPRegen 0.12/turn

%: no passive effects
@: mighty, exhausted, maw-form
A: devouring maw, large, unfitting armour, claws 3, regeneration 1, shaggy fur
1, tough skin 1
a: Begin Untransformation, Renounce Religion, Evoke Invisibility, Wall Jump,
Serpent's Lash


You were on level 11 of the Dungeon.
You worshipped Wu Jian.
Wu Jian was most pleased with you.
You were a creature with a mouth for a stomach.
You visited 2 branches of the dungeon, and saw 12 of its levels.

You collected 734 gold pieces.
You spent 195 gold pieces at shops.

Inventory:

Missiles
 f - 163 stones (quivered)
 j - 2 datura-tipped darts
 r - 52 poisoned darts
Armour
 a - a +0 robe
 b - a +0 kite shield (worn)
 G - a scarf of invisibility (worn)
 J - +0 steam dragon scales (melded)
Jewellery
 h - a ring of protection from fire
 u - the ring of Qishyam {Wiz rPois rN+ Will-}
   (You found it on level 3 of the Dungeon)

   [ring of wizardry]

   Wiz:       It improves your spell success rate.
   rPois:     It protects you from poison.
   rN+:       It protects you from negative energy.
   Will-:     It decreases your willpower.
 x - a +4 ring of protection (left claw)
 A - a +4 ring of protection (right claw)
 L - a ring of protection from fire
 N - a ring of willpower
 P - a ring of resist corrosion
 T - a ring of see invisible
Talismans
 t - the maw talisman of Activism (active) {Will+ Dex+5}
   (You found it on level 8 of the Dungeon)

   [maw talisman]

   Dex+5:     It affects your dexterity (+5).
   Will+:     It increases your willpower.
 D - a serpent talisman
Wands
 o - a wand of flame (23)
 y - a wand of roots (17)
 F - a wand of paralysis (36)
 H - a wand of polymorph (5)
 R - a wand of light (6)
Scrolls
 i - 7 scrolls of teleportation
 k - 2 scrolls of revelation
 l - a scroll of immolation
 m - 2 scrolls of fear
 s - 3 scrolls of vulnerability
 v - 2 scrolls of enchant weapon
 w - 3 scrolls of poison
 I - a scroll of enchant armour
 K - a scroll of blinking
 M - a scroll of amnesia
 O - a scroll of noise
 S - a scroll of torment
Potions
 d - 3 potions of attraction {unknown}
 e - a potion of brilliance {unknown}
 g - 2 potions of degeneration {unknown}
 n - 4 potions of haste {unknown}
 p - 7 potions of curing
 q - 2 potions of mutation {unknown}
 z - 4 potions of cancellation {unknown}
 B - 3 potions of enlightenment {unknown}
 C - a potion of heal wounds {unknown}
 E - 4 potions of ambrosia {unknown}
 Q - 2 potions of resistance {unknown}
 U - a potion of lignification {unknown}


   Skills:
 + Level 6.6 Fighting
 + Level 6.6 Dodging
 + Level 7.3 Shields
 * Level 10.6 Unarmed Combat
 - Level 10.0 Shapeshifting


You had 10 spell levels left.
You didn't know any spells.
Your spell library contained the following spells:

 Spells                   Type           Power      Damage    Failure   Level
 Sting                    Conj/Alch      0%         1d3       71%         1
 Mercury Vapours          Alch/Air       0%         N/A       83%         2
 Frozen Ramparts          Ice            0%         1d1       97%         3
 Mephitic Cloud           Conj/Alch/Air  0%         N/A       97%         3
 Ozocubu's Armour         Ice            0%         N/A       97%         3
 Olgreb's Toxic Radiance  Alch           0%         N/A       100%        4
 Freezing Cloud           Conj/Ice/Air   0%         6-21      100%        5
 Metabolic Englaciation   Hex/Ice        0%         N/A       100%        5


Dungeon Overview and Level Annotations

Branches:
Dungeon (11/15) Zot: 24651  Temple (1/1) D:4 Zot: 5967    Lair (0/5) D:8
    Orc (0/2) D:10

Altars:
Ashenzari
Cheibriados
Dithmenos
Elyvilon
Fedhas
Gozag
Hepliaklqana
Kikubaaqudgha
Makhleb
Nemelex Xobeh
Okawaru
Qazlal
Ru
Sif Muna
Trog
Uskayaw
Vehumet
Wu Jian
Xom
Yredelemnul
Zin
The Shining One

Shops:
D:2 (   D:7 =


Innate Abilities, Weirdness & Mutations

You are a creature with a mouth for a stomach.
Your midsection houses a second, enormous mouth.
You are too large for most types of armour.
You have claws for hands.
Your natural rate of healing is unusually fast.
You are covered in fur. (AC +1)
You have tough skin. (AC +1)


Message History

You start resting.
A minotaur is nearby!
Your muscles tense, ready for explosive movement...
You spin and attack the minotaur, with incredible momentum.
You scratch the minotaur but do no damage.
You spin and attack the minotaur, with incredible momentum.
You mangle the minotaur!!
You bite the minotaur, but do no damage.
The minotaur is moderately wounded.
Your supernatural speed expires.
You spin and attack the minotaur.
You scratch the minotaur but do no damage.
You bite the minotaur, but do no damage.
The minotaur is moderately wounded.
The minotaur hits you with a staff of cold!
The minotaur freezes you! You block the minotaur's attack.
You spin and attack the minotaur repeatedly.
You scratch the minotaur. You bite the minotaur.
The minotaur is moderately wounded.
You scratch the minotaur but do no damage.
You bite the minotaur!
The minotaur is heavily wounded.
The minotaur hits you but does no damage.
The minotaur freezes you! You block the minotaur's attack.
You spin and attack the minotaur.
You claw the minotaur!
The minotaur is heavily wounded.
The minotaur hits you with a staff of cold!
* * * LOW HITPOINT WARNING * * *
The minotaur gores you!
* * * LOW HITPOINT WARNING * * *
You feel very mighty all of a sudden.
The minotaur hits you with a staff of cold!!
* * * LOW HITPOINT WARNING * * *
The minotaur gores you!
* * * LOW HITPOINT WARNING * * *
As you read the scroll of fear, it crumbles to dust.
You assume a fearsome visage.
The minotaur resists with almost no effort.
The minotaur hits you with a staff of cold!
You die...

#.#.......#.#...#.#
#........
#.#######.#.#.###.#
#......##
#.......#.#.#.#...#
###.....#
#.#####.#...#.#.###
#......
#.#.....#.#.#.#...#
##.....
###.#####.#.#.###H#
#.....
#...#.....#.#.....#
##..##.
#.###.#####.#H###.#
##..####
#.......#...#W....#
#..##
#########.#########
###.##
#'###########...#
#...†.........###
###############


You could see a minotaur.

Vanquished Creatures
  Erolcha (D:11)
  A boulder beetle (D:11)
  2 two-headed ogres
  Pikel (D:9)
  Maurice (D:9)
  Joseph (D:9)
  A gargoyle (D:11)
  2 unseen horrors (D:11)
  Maggie (D:8)
  A kobold demonologist (D:8)
  Jeremiah (D:8)
  A hornet (D:7)
  Sigmund (D:2)
  2 wyverns
  2 wraiths
  2 shadows (D:11)
  25 yaks
  A vampire (D:11)
  2 steam dragons (D:8)
  4 vampire mosquitoes (D:10)
  3 basilisks
  3 water moccasins
  3 orc warriors
  6 black bears
  An ice beast (D:7)
  3 sky beasts
  A wolf (D:7)
  A centaur (D:6)
  2 lemures (D:9)
  8 kobold brigands
  A phantom (D:4)
  5 bullfrogs
  A scorpion (D:7)
  A howler monkey (D:5)
  5 bombardier beetles
  4 hounds
  A jelly (D:4)
  3 orc priests
  Ijyb (D:4)
  Jessica (D:2)
  3 iguanas
  6 orc wizards
  3 sleepcaps
  Robin (D:2)
  4 gnolls
  8 adders
  3 shadow imps
  5 white imps
  2 ufetubi (D:6)
  A ribbon worm (D:3)
  5 dart slugs
  13 orcs
  11 endoplasms
  5 giant cockroaches
  12 goblins
  4 hobgoblins
  6 jackals
  4 quokkas
  6 ball pythons
  6 bats
  2 frilled lizards
  46 kobolds
  8 kobold skeletons (D:8)
  10 kobold zombies (D:8)
  5 rats
286 creatures vanquished.

Notes
Turn   | Place    | Note
-------+----------+-------------------------------------------
     0 | D:1      | Valrug the Troll Fighter began the quest for the Orb.
     0 | D:1      | Reached XP level 1. HP: 22/22 MP: 0/0
   206 | D:1      | Reached XP level 2. HP: 28/29 MP: 1/1
   423 | D:1      | Reached XP level 3. HP: 36/36 MP: 2/2
   738 | D:2      | Found Osued's Weapon Shop.
   773 | D:2      | Noticed Jessica
   793 | D:2      | Killed Jessica
   794 | D:2      | Reached XP level 4. HP: 37/44 MP: 3/3
   896 | D:2      | Noticed Sigmund
  1096 | D:2      | Killed Sigmund
  1097 | D:2      | Reached XP level 5. HP: 41/53 MP: 4/4
  1190 | D:2      | Reached XP level 6. HP: 56/61 MP: 5/5
  1246 | D:2      | Noticed Robin
  1274 | D:2      | Killed Robin
  1766 | D:3      | Identified the ring of Qishyam {Wiz rPois rN+ Will-}
  1969 | D:3      | Found a blossoming altar of Fedhas.
  1970 | D:3      | Found an opulent altar of Gozag.
  2692 | D:4      | Reached skill level 5 in Unarmed Combat
  2696 | D:4      | Reached XP level 7. HP: 67/67 MP: 6/6
  2820 | D:4      | Noticed Ijyb
  2834 | D:4      | Killed Ijyb
  2914 | D:4      | Found a staircase to the Ecumenical Temple.
  2926 | Temple   | Entered the Ecumenical Temple
  2944 | Temple   | Became a worshipper of the Wu Jian Council
  3079 | D:5      | Entered Level 5 of the Dungeon
  3347 | D:5      | Reached XP level 8. HP: 78/78 MP: 7/7
  4435 | D:6      | Reached * piety under Wu Jian
  4444 | D:7      | Reached skill level 5 in Shields
  4669 | D:7      | Found Zieggeiq's Jewellery Shoppe.
  4757 | D:7      | Reached skill level 5 in Fighting
  4789 | D:7      | Reached skill level 5 in Dodging
  4789 | D:7      | Reached XP level 9. HP: 88/88 MP: 8/8
  5405 | D:8      | Found a staircase to the Lair.
  5411 | D:8      | Noticed a two-headed ogre
  5414 | D:8      | Noticed Jeremiah
  6062 | D:8      | Killed Jeremiah
  6180 | D:8      | Noticed Maggie
  6181 | D:8      | Paralysed by Maggie for 3 turns
  6186 | D:8      | Killed Maggie
  6337 | D:8      | Identified the +5 war axe of Coebloug {flame, rC+ Will+
                  | Int-5}
  6374 | D:8      | Reached XP level 10. HP: 98/98 MP: 9/9
  6418 | D:8      | Killed a two-headed ogre
  6895 | D:8      | Reached skill level 10 in Unarmed Combat
  6954 | D:8      | Reached ** piety under Wu Jian
  7061 | D:8      | Noticed a rust devil
  7072 | D:8      | Noticed a soul eater
  7155 | D:8      | Found an ancient bone altar of Kikubaaqudgha.
  7196 | D:8      | Reached *** piety under Wu Jian
  7363 | D:8      | Identified the maw talisman of Activism {Will+ Dex+5}
  7500 | D:9      | Noticed Pikel
  7514 | D:9      | Killed Pikel
  7902 | D:9      | Noticed Maurice
  7918 | D:9      | Something stole the maw talisman of Activism {Will+ Dex+5}
  7920 | D:9      | Something stole 52 poisoned darts
  7921 | D:9      | Something stole the ring of Qishyam {Wiz rPois rN+ Will-}
  7923 | D:9      | Something stole 444 gold
  7930 | D:9      | Something stole 101 gold
  7963 | D:9      | Reached skill level 5 in Shapeshifting
  7975 | D:9      | Killed Maurice
  8157 | D:9      | Reached XP level 11. HP: 105/107 MP: 10/10
  8302 | D:9      | Noticed Joseph
  8318 | D:9      | Killed Joseph
  8600 | D:10     | Entered Level 10 of the Dungeon
  9114 | D:10     | Found a staircase to the Orcish Mines.
  9471 | D:10     | Reached **** piety under Wu Jian
  9948 | D:11     | Noticed a boulder beetle
 10109 | D:11     | Killed a boulder beetle
 10281 | D:11     | Noticed a two-headed ogre
 10741 | D:11     | Noticed Erolcha
 10747 | D:11     | Killed Erolcha
 10748 | D:11     | Reached skill level 10 in Shapeshifting
 10986 | D:11     | Noticed a minotaur
 11458 | D:7      | Bought a ring of see invisible for 195 gold pieces
 11598 | D:11     | Found a runed translucent door.
 11701 | D:11     | Killed a two-headed ogre
 12000 | D:11     | Slain by a minotaur

Illustrated notes

Levels and vault maps discovered:
D:1:      mushboom_english_gardens, layout_loops_ring, kennysheep_boxes
D:2:      layout_basic, serial_shops,
          nicolae_shop_temple_entry_statues_fountains,
          chequers_serial_rivers_micro_b, uniq_jessica, uniq_sigmund, uniq_robin
D:3:      layout_loops_cross, nicolae_overflow_squiral,
          minmay_misc_feat_more_columns, chequers_serial_rivers_room_a,
          minmay_strange_pillars
D:4:      layout_basic, minmay_temple_entry_drinking_statues, uniq_ijyb
D:5:      layout_rooms, minmay_starry_boxes
D:6:      layout_basic, dk_noncrumbling_4
D:7:      layout_gridville, serial_shops, shop, kennysheep_small_square
D:8:      wander_kiku_kobolds, layout_basic, minmay_lair_entry_grove,
          uniq_jeremiah, uniq_maggie
D:9:      layout_loops_corners, uniq_pikel, uniq_joseph, uniq_maurice
D:10:     layout_cave_pods, orc_0_dummy
D:11:     layout_cave_pools, st_stairs_9, mainiacjoe_labyrinth_nostalgia,
          uniq_erolcha
Temple:   nicolae_temple_slightly_damp_pantheon

Skill      XL: |  1  2  3  4  5  6  7  8  9 10 11 |
---------------+----------------------------------+-----
Shields        | 3 4 5 6 7 |  7.3
Unarmed Combat | 3 4 5 6 7 9 10 | 10.6
Fighting       | 3 4 5 6 |  6.6
Dodging        | 3 4 5 6 |  6.6
Shapeshifting  | 5 10 | 10.0

Action                     |  1- 3 |  4- 6 |  7- 9 | 10-12 || total
---------------------------+-------+-------+-------+-------++-------
  Melee: Unarmed           |    94 |   112 |   287 |   482 ||   975
         Maw               |       |       |       |    18 ||    18
 Invoke: Serpent's Lash    |       |       |       |     9 ||     9
Ability: Lunge             |       |       |    24 |    25 ||    49
         Whirlwind         |       |       |     3 |    69 ||    72
         Wall Jump         |       |       |       |     7 ||     7
    Use: Scroll            |       |     7 |     1 |     5 ||    13
         Potion            |       |       |     1 |     3 ||     4
   Stab: Sleeping          |     1 |       |     1 |       ||     2
 Armour: Robe              |    81 |    61 |   148 |       ||   290
         Steam dragon scal |       |       |    38 |   296 ||   334
         Skin              |       |       |       |    92 ||    92
  Dodge: Dodged            |    26 |    37 |   103 |    99 ||   265
  Block: Kite shield       |    40 |    60 |   129 |   177 ||   406
   Form: Serpent           |       |       |       |     1 ||     1
         Maw               |       |       |       |     1 ||     1

Table legend: (Time is in decaauts)
 A = Elapsed time spent in this place.
 B = Non-inter-level travel time spent in this place.
 C = Inter-level travel time spent in this place.
 D = Time resting spent in this place.
 E = Time spent auto-exploring this place.
 F = Levels seen in this place.
 G = Mean time per level.
                   A        B        C        D        E       F      G
               +--------+--------+--------+--------+--------+-----+--------+
         Total |  12005 |  11107 |    898 |   2035 |   6426 |  12 | 1000.4 |
       Dungeon |  11972 |  11100 |    872 |   2035 |   6426 |  11 | 1088.4 |
        Temple |     32 |      6 |     26 |      0 |      0 |   1 |   32.0 |
               +--------+--------+--------+--------+--------+-----+--------+

Top non-repeatable levels by time:
     D:7: 2111 daAuts
    D:10: 1899 daAuts
     D:9: 1202 daAuts
    D:11: 1175 daAuts
     D:8: 1157 daAuts
     D:2: 931 daAuts
     D:1: 842 daAuts
     D:4: 676 daAuts
     D:6: 669 daAuts
     D:5: 655 daAuts
     D:3: 651 daAuts
  Temple: 32 daAuts
